 Dungeon Crawl Stone Soup version 0.29.1-15-g9cfb28693d (webtiles) character file.

Game seed: 983135054427214529

1694 javelincjr the Magician (level 8, 0/52 HPs)
             Began as a Demonspawn Hedge Wizard on Mar 27, 2023.
             Was a Follower of Sif Muna.
             Succumbed to a killer bee's poison
             ... in a bailey on Mar 28, 2023.
             The game lasted 00:34:16 (9323 turns).

javelincjr the Magician (Demonspawn Hedge Wizard)   Turns: 9323, Time: 00:34:17

Health: 0/52       AC:  3    Str: 13    XL:     8   Next: 72%
Magic:  14/14      EV: 13    Int: 15    God:    Sif Muna [*.....]
Gold:   355        SH:  0    Dex: 13    Spells: 15/16 levels left

rFire   + . .      SeeInvis .   s - +6 shillelagh "Devastator" {shatter}
rCold   + . .      Faith    .   (no shield)
rNeg    . . .      Spirit   .   n - +0 leather armour {Will+}
rPois   +          Reflect  .   (helmet unavailable)
rElec   +          Harm     .   (no cloak)
rCorr   +          Rampage  .   (no gloves)
Will    +....                   (no boots)
Stlth   ++........              (no amulet)
HPRegen 0.17/turn               y - +4 ring of slaying
MPRegen 0.14/turn               (no ring)

@: mighty, lethally poisoned (0 -> -3), resistant, attractive
A: horns 3, powered by death 1, powered by pain 1, sturdy frame 1, frail 1
a: Renounce Religion, Channel Magic


You were in a bailey.
You worshipped Sif Muna.
Sif Muna was aware of your devotion.
You visited 2 branches of the dungeon, and saw 8 of its levels.
You also visited: Bailey.

You collected 355 gold pieces.

Inventory:

Hand Weapons
 a - a +0 dagger
 s - the +6 shillelagh "Devastator" (weapon) {shatter}
   (You found it on level 6 of the Dungeon)

   It releases a powerful concussive burst when it strikes, dealing extra damage
   to the target and all other foes adjacent to them.
 z - the +4 trident of Joat {elec, *Slow rC+ rN+++ Dex+4}
   (You found it on level 5 of the Dungeon)

   It occasionally discharges a powerful burst of electricity upon striking a
   foe.
   Dex:       It affects your dexterity (+4).
   rC:        It protects you from cold.
   rN:        It renders you almost immune to negative energy.
   *Slow:     It may slow you when you take damage.
Missiles
 o - 79 stones
 p - 3 boomerangs
 x - 16 poisoned darts
 D - 2 curare-tipped darts
Armour
 c - a +0 hat
 n - a +0 leather armour of willpower (worn)
Jewellery
 y - a +4 ring of slaying (left hand)
Wands
 b - a wand of flame (14)
 i - a wand of light (8)
Scrolls
 f - 3 scrolls of teleportation
 j - a scroll of vulnerability
 l - a scroll of immolation
 r - 2 scrolls of enchant armour
 t - a scroll of enchant weapon
 u - a scroll of poison
 w - a scroll of magic mapping {unknown}
 B - a scroll of silence {unknown}
 C - a scroll of fear {unknown}
Potions
 d - a potion of magic
 h - a potion of resistance
 k - a potion of cancellation
 m - 2 potions of haste


   Skills:
 + Level 3.0 Fighting
 + Level 1.7 Maces & Flails
 - Level 1.9 Polearms
 + Level 2.6 Armour
 + Level 3.9 Dodging
 - Level 2.4 Stealth
 + Level 4.6 Spellcasting
 + Level 3.9 Conjurations
 + Level 3.8 Summonings
 + Level 3.5 Translocations
 + Level 4.1 Invocations


You had 15 spell levels left.
You knew the following spells:

 Your Spells              Type           Power      Damage    Failure   Level
a - Magic Dart            Conj           60%        1d6       3%          1

Your spell library contained the following spells:

 Spells                   Type           Power      Damage    Failure   Level
 Call Imp                 Summ           15%        N/A       5%          2
 Blink                    Tloc           26%        N/A       6%          2
 Slow                     Hex            12%        N/A       19%         1
 Conjure Flame            Conj/Fire      9%         6-21      24%         3
 Mephitic Cloud           Conj/Pois/Air  7%         N/A       30%         3


Dungeon Overview and Level Annotations

Branches:
Dungeon (7/15)             Temple (1/1) D:4          Bailey (1/1)

Altars:
Ashenzari
Cheibriados
Dithmenos
Fedhas
Gozag
Hepliaklqana
Kikubaaqudgha
Makhleb
Nemelex Xobeh
Okawaru
Qazlal
Ru
Sif Muna
Trog
Uskayaw
Vehumet
Wu Jian
Xom
Yredelemnul

Shops:
D:1 *


Innate Abilities, Weirdness & Mutations

You have a pair of large horns on your head.
You regenerate a little health from kills.
You sometimes gain a little power by taking damage.
Your movements are slightly less encumbered by armour. (ER -2)
You are frail. (-10% HP)


Message History

The killer bee barely misses you. The killer bee completely misses you.
The iguana bites you.
* * * LOW HITPOINT WARNING * * *
The killer bee completely misses you. The killer bee barely misses you.
The killer bee stings you.
* * * LOW HITPOINT WARNING * * *
You are lethally poisoned!
The killer bee poisons you!
The world spins around you as you enter the gateway.
You enter a bailey!
* * * LOW HITPOINT WARNING * * *
You feel sick.
Found a gate leading back out of this place.
There is an empty arch of ancient stone here.
There is a lethal amount of poison in your body!
Okay, then.
Okay, then.
It was a potion of attraction.
You feel attractive to monsters.
* * * LOW HITPOINT WARNING * * *
You feel sick.
It was a potion of mutation.
You feel extremely strange.
You feel frail. The horns on your head grow some more.
Your +0 hat falls away!
* * * LOW HITPOINT WARNING * * *
You feel sick.
Okay, then.
You feel protected.
* * * LOW HITPOINT WARNING * * *
You feel sick.
Okay, then.
Memorise Call Imp, consuming 2 spell levels and leaving 13?
Your memorisation is interrupted.
* * * LOW HITPOINT WARNING * * *
You feel sick.
Okay, then.
As you read the scroll labelled VADWUB CORUIK, it crumbles to dust.
It is a scroll of amnesia.
Okay, then.
You die...

#####
##...##
#.....#
#.@.∩.#
#.....#
##...##
#+#+#


There were no monsters in sight!

Vanquished Creatures
  2 water moccasins
  An orc warrior (D:7)
  2 ice beasts
  A sky beast (D:6)
  4 ogres
  A phantom (D:7)
  A scorpion (D:6)
  3 kobold brigands (D:7)
  A howler monkey (D:6)
  3 hounds
  A gnoll bouda (D:7)
  2 iguanas (D:6)
  An orc wizard (D:6)
  3 gnolls (D:7)
  9 adders
  A shadow imp (D:5)
  2 white imps
  An ufetubus (D:5)
  3 worms
  A dart slug (D:1)
  5 orcs
  3 endoplasms
  3 giant cockroaches
  5 goblins
  6 hobgoblins
  11 jackals
  A kobold (D:2)
  A quokka (D:3)
  A ball python (D:1)
  7 bats
  A frilled lizard (D:3)
  2 rats
89 creatures vanquished.

Notes
Turn   | Place    | Note
-------+----------+-------------------------------------------
     0 | D:1      | javelincjr the Demonspawn Hedge Wizard began the quest for
                  | the Orb.
     0 | D:1      | Reached XP level 1. HP: 13/13 MP: 4/4
   220 | D:1      | Reached skill level 1 in Translocations
   299 | D:1      | Found Xemu's General Store.
   318 | D:1      | Gained mutation: You regenerate a little health from kills.
                  | [demonic ancestry]
   318 | D:1      | Reached XP level 2. HP: 19/19 MP: 0/6
   687 | D:1      | You fall into a shaft and drop 1 floor!
  1189 | D:2      | Reached XP level 3. HP: 21/24 MP: 2/7
  2997 | D:2      | Found a hide-covered altar of Uskayaw.
  3311 | D:3      | Found a faded altar of an unknown god.
  4515 | D:4      | Gained mutation: You sometimes gain a little power by
                  | taking damage. [demonic ancestry]
  4515 | D:4      | Reached XP level 4. HP: 30/30 MP: 4/8
  5055 | D:4      | Found a staircase to the Ecumenical Temple.
  5075 | Temple   | Entered the Ecumenical Temple
  5107 | Temple   | Became a worshipper of Sif Muna the Loreminder
  6361 | D:5      | Entered Level 5 of the Dungeon
  6401 | D:5      | Noticed an ogre
  6621 | D:5      | Found a shadowy altar of Dithmenos.
  6807 | D:5      | Noticed an ogre
  6900 | D:5      | Identified the +4 trident of Joat {elec, *Slow rC+ rN+++
                  | Dex+4}
  6938 | D:5      | Killed an ogre
  6939 | D:5      | Gained mutation: You have a pair of small horns on your
                  | head. [demonic ancestry]
  6939 | D:5      | Reached XP level 5. HP: 36/36 MP: 10/10
  6997 | D:5      | Killed an ogre
  6998 | D:5      | Reached skill level 1 in Invocations
  6998 | D:5      | Gained mutation: You have a pair of horns on your head.
                  | [demonic ancestry]
  6998 | D:5      | Reached XP level 6. HP: 42/42 MP: 11/11
  7081 | D:5      | Noticed an ice beast
  7088 | D:5      | Killed an ice beast
  7089 | D:5      | Reached skill level 1 in Fighting
  7089 | D:5      | Reached skill level 1 in Polearms
  7089 | D:5      | Reached skill level 1 in Armour
  7612 | D:5      | Found a sparkling altar of Nemelex Xobeh.
  7613 | D:5      | Found a broken altar of Ashenzari.
  7614 | D:5      | Found a sacrificial altar of Ru.
  7615 | D:5      | Found an iron altar of Okawaru.
  7711 | D:6      | Noticed a sky beast
  7717 | D:6      | Killed a sky beast
  7718 | D:6      | Reached XP level 7. HP: 43/48 MP: 12/12
  8148 | D:6      | Found the +6 shillelagh "Devastator" {shatter}
  8243 | D:6      | Found a large runed translucent door.
  8249 | D:6      | Found a large runed translucent door.
  8541 | D:6      | Found a stormy altar of Qazlal.
  8549 | D:6      | Found a basalt altar of Yredelemnul.
  8554 | D:6      | Gained mutation: Your movements are slightly less
                  | encumbered by armour. (ER -2) [demonic ancestry]
  8554 | D:6      | Reached XP level 8. HP: 36/56 MP: 14/14
  8738 | D:7      | Reached skill level 1 in Maces & Flails
  8742 | D:7      | Reached * piety under Sif Muna
  9048 | D:7      | HP: 2/57 [asphyx]
  9308 | D:7      | Noticed a gargoyle
  9309 | D:7      | Found a flagged portal.
  9318 | Bailey   | Entered a bailey
  9320 | Bailey   | Gained mutation: You are frail. (-10% HP) [potion of
                  | mutation]
  9320 | Bailey   | Gained mutation: You have a pair of large horns on your
                  | head. [potion of mutation]
  9320 | Bailey   | HP: 2/52 [poisoned by a killer bee]
  9323 | Bailey   | Succumbed to a killer bee's poison

Illustrated notes

Levels and vault maps discovered:
D:1:      dpeg_arrival_court, layout_rooms, serial_shops,
          nicolae_shop_advertising_works [nicolae_subvault_shop_adworks],
          minmay_pentomino_p2
D:2:      layout_basic, basic_altar, hangedman_decor_clover_reticule,
          minmay_crystal_water, minmay_vboxes
D:3:      layout_basic, chequers_ecumenical_altar_island, due_unseen_surprise
D:4:      layout_cave_pods, minmay_temple_entry_waves
D:5:      layout_basic, nicolae_dithmenos_through_a_glass_darkly,
          mainiacjoe_overflow_alcove_3, roderic_st_hans_cross
D:6:      layout_basic, jmf_multi_god_temple2
D:7:      layout_loops_corners, enter_bailey_6,
          minmay_fractal_squares_diagonal_5
Temple:   bh_familiar_temple
Bailey:   bailey_axe_froggy_fort_hellmonk, bailey

Skill      XL: |  1  2  3  4  5  6  7  8 |
---------------+-------------------------+-----
Translocations | 1 2 3 |  3.5
Dodging        | 2 3 |  3.9
Stealth        | 2 |  2.4
Conjurations   | 2 3 |  3.9
Summonings     | 2 3 |  3.8
Invocations    | 1 2 3 4 |  4.1
Fighting       | 1 2 3 |  3.0
Polearms       | 1 |  1.9
Armour         | 1 2 |  2.6
Spellcasting   | 4 |  4.6
Maces & Flails | 1 |  1.7

Action                   |  1- 3 |  4- 6 |  7- 9 || total
-------------------------+-------+-------+-------++-------
Melee: Dagger            |   109 |    28 |       ||   137
       Punch             |     1 |       |       ||     1
       Trident           |       |    17 |    24 ||    41
       Headbutt          |       |     4 |     6 ||    10
       Shillelagh        |       |       |    30 ||    30
 Cast: Magic Dart        |   152 |    62 |       ||   214
  Use: Potion            |     4 |       |     6 ||    10
       Scroll            |       |     5 |     5 ||    10
 Stab: Sleeping          |       |       |     1 ||     1
Armor: Robe              |     9 |       |       ||     9
       Leather armour    |    35 |    12 |     4 ||    51
Dodge: Dodged            |   118 |    37 |    44 ||   199
